Map: Jagannatha LE

Players

EnDerr

  • Race: Zerg Zerg
  • Spawn Location: 1:00

Ranger - Winner!

  • Race: Protoss Protoss
  • Spawn Location: 7:00

Event: DreamHack SC2 Masters 2020 Winter

VOD

Have the link to the VOD?

Description

Time

  • Played on: Oct. 16, 2020, 6:31 a.m.
  • Length: 21:07

All games in this series

Show
View Real Time Build Order
Export as new Build Order

EnDerr Zerg 

Build Orders: Pool First, Lurkers 

Get SALT Encoding   

  12  0:00  Drone  
  13  0:12  Overlord  
  13  0:17  Drone  
  14  0:32  Drone x2  
  16  0:42  Spawning Pool  
  15  0:43  Extractor  
  14  0:54  Drone x2  
  16  0:57  Drone  
  17  1:15  Drone  
  18  1:30  Hatchery, Zergling x2  
  18  1:38  Queen  
  20  1:45  Metabolic Boost  
  20  1:56  Overlord  
  20  1:58  Drone  
  21  2:13  Drone  
  21  2:15  Drone  
  23  2:26  Hatchery  
  22  2:40  Drone  
  22  2:41  Drone x2  
  22  2:43  Drone  
  25  2:49  Zergling x6  
  28  2:54  Pneumatized Carapace  
  28  2:56  Zergling x2  
  28  2:58  Drone  
  30  3:06  Queen  
  30  3:12  Drone  
  33  3:13  Drone  
  33  3:17  Drone  
  35  3:24  Overlord  
  34  3:40  Drone x4  
  37  3:43  Drone  
  36  3:49  Drone x3  
  36  3:54  Queen  
  41  3:56  Queen  
  41  3:58  Overlord  
  41  4:02  Zergling x6  
  46  4:03  Zergling x4  
  48  4:10  Zergling x2  
  48  4:13  Overlord x2  
  49  4:28  Zergling x6  
  49  4:29  Drone  
  49  4:30  Drone  
  52  4:33  Spore Crawler x2  
  52  4:35  Drone x3  
  53  4:42  Lair  
  53  4:43  Drone  
  53  4:44  Drone  
  53  4:45  Drone  
  56  4:48  Drone  
  56  4:49  Drone x2  
  59  4:56  Roach Warren  
  58  5:05  Drone  
  58  5:06  Drone x4  
  62  5:11  Queen  
  62  5:14  Overlord  
  64  5:20  Zergling x16  
  67  5:23  Zergling x2  
  67  5:26  Extractor  
  65  5:31  Queen, Overlord  
  67  5:40  Drone x7  
  67  5:42  Drone x2  
  76  5:46  Queen  
  74  5:54  Overlord  
  74  5:55  Overlord  
  74  6:02  Drone x7  
  77  6:05  Evolution Chamber  
  77  6:06  Extractor  
  77  6:07  Extractor  
  77  6:08  Drone  
  77  6:09  Drone  
  72  6:11  Drone  
  72  6:12  Drone  
  72  6:14  Drone  
  72  6:15  Drone  
  72  6:18  Drone  
  72  6:19  Drone  
  72  6:31  Zerg Missile Weapons Level 1  
  72  6:34  Hatchery  
  72  6:35  Hydralisk Den  
  70  6:41  Drone x3  
  70  6:42  Queen  
  70  6:46  Extractor  
  74  6:48  Extractor  
  74  6:49  Queen  
  74  6:54  Overlord  
  75  6:58  Queen  
  75  7:03  Hydralisk x5  
  75  7:04  Hydralisk x3  
  91  7:10  Grooved Spines  
  91  7:19  Glial Reconstitution  
  91  7:25  Hatchery  
  88  7:33  Queen  
  88  7:37  Overlord  
  88  7:40  Overlord  
  88  7:41  Overlord  
  88  7:42  Roach x9  
  106  7:47  Drone x2  
  106  7:51  Evolution Chamber  
  107  7:56  Overseer  
  107  7:58  Drone  
  107  8:00  Drone x4  
  107  8:04  Hydralisk x3  
  107  8:05  Hydralisk x2  
  118  8:10  Hydralisk x3  
  126  8:25  Infestation Pit  
  125  8:29  Overlord x5  
  125  8:30  Overlord x2  
  125  8:35  Zerg Missile Weapons Level 2  
  125  8:36  Evolution Chamber  
  125  8:41  Zerg Ground Armor Level 1  
  124  8:47  Extractor  
  124  8:49  Overseer x2  
  124  8:50  Ravager  
  124  8:51  Ravager x3  
  124  8:55  Roach x3  
  134  8:57  Roach  
  134  9:01  Roach  
  138  9:06  Drone x3, Spore Crawler  
  138  9:07  Drone x7  
  147  9:21  Zergling x20  
  147  9:22  Extractor  
  150  9:35  Roach  
  150  9:36  Roach x3  
  156  9:39  Roach x3  
  156  9:41  Roach  
  156  9:42  Roach x2  
  156  9:43  Roach  
  156  9:44  Roach  
  157  9:53  Roach  
  157  9:57  Roach x2  
  157  9:59  Roach x3  
  149  10:01  Hive  
  149  10:04  Drone x4  
  149  10:05  Drone x2  
  149  10:11  Drone  
  149  10:12  Drone x3  
  149  10:13  Overlord  
  151  10:15  Roach  
  151  10:16  Ravager  
  151  10:17  Ravager x2  
  151  10:18  Ravager x4  
  160  10:21  Roach x2  
  160  10:23  Roach  
  160  10:24  Roach  
  154  10:40  Roach  
  154  10:41  Roach x6  
  154  10:42  Roach, Hydralisk x2  
  151  10:45  Hydralisk  
  151  10:46  Zergling x2  
  153  10:52  Hatchery, Hydralisk x2  
  153  10:55  Ravager x2  
  158  11:12  Viper x3  
  158  11:14  Overlord x3  
  158  11:15  Overlord  
  167  11:24  Lurker Den  
  166  11:27  Roach  
  166  11:30  Overlord  
  164  11:36  Zerg Missile Weapons Level 3  
  164  11:37  Zerg Melee Weapons Level 1  
  164  11:40  Drone x2  
  164  11:41  Drone x3  
  164  11:43  Adrenal Glands  
  164  11:46  Zergling x26  
  164  11:47  Zergling x2  
  183  11:50  Queen  
  185  11:57  Zergling x8  
  185  11:59  Zergling x2  
  190  12:05  Drone x3, Extractor  
  190  12:06  Extractor  
  190  12:08  Spine Crawler, Hydralisk  
  190  12:09  Spore Crawler, Hydralisk x2  
  190  12:11  Hydralisk  
  190  12:15  Hydralisk x2  
  196  12:19  Overlord x2  
  199  12:23  Seismic Spines  
  198  12:31  Overlord x2  
  198  12:34  Spire  
  151  13:11  Zergling x10  
  151  13:12  Zergling x22  
  165  13:14  Hydralisk x10  
  165  13:15  Hydralisk x2  
  189  13:20  Hydralisk  
  189  13:24  Hydralisk  
  189  13:25  Hydralisk x2  
  175  13:43  Zergling x2  
  175  13:45  Hatchery  
  175  13:46  Zergling x2  
  175  13:47  Zergling x2  
  161  13:48  Zergling x8  
  161  13:49  Zergling x10  
  161  13:51  Viper x2  
  161  13:52  Viper  
  161  13:54  Hydralisk  
  166  13:57  Hydralisk  
  166  13:59  Zergling x2, Hydralisk  
  156  14:11  Adaptive Talons  
  156  14:13  Lurker x10  
  166  14:19  Zergling x2  
  166  14:21  Zergling x2  
  168  14:27  Zergling x2  
  168  14:29  Zergling x2  
  170  14:31  Zergling x4  
  170  14:32  Zergling x2  
  168  14:41  Zergling x2  
  168  14:43  Zergling x4  
  160  14:47  Hydralisk  
  160  14:52  Zergling x10  
  150  14:53  Zergling x2  
  150  14:56  Zergling x2  
  150  15:08  Hatchery  
  150  15:11  Zergling x2  
  150  15:12  Zerg Ground Armor Level 2, Zergling x16  
  150  15:13  Zerg Melee Weapons Level 2  
  158  15:18  Hydralisk x3  
  158  15:20  Lurker x5  
  169  15:22  Hydralisk x2  
  169  15:26  Zerg Flyer Weapons Level 1  
  173  15:32  Overseer  
  173  15:35  Hydralisk x2  
  175  15:56  Hydralisk x7  
  181  16:06  Zergling x14  
  181  16:11  Hatchery  
  168  16:19  Zergling x2  
  168  16:21  Zergling x2  
  164  16:27  Zergling x2  
  164  16:32  Zergling x2  
  158  16:33  Hydralisk  
  158  16:34  Overseer  
  158  16:38  Zergling x2  
  155  16:42  Zergling x2  
  155  16:44  Zergling x2  
  155  16:45  Zergling x10  
  159  16:56  Hydralisk  
  159  16:57  Hydralisk x7  
  175  17:07  Hydralisk  
  175  17:08  Hydralisk  
  177  17:11  Hydralisk  
  177  17:12  Hydralisk x3  
  183  17:17  Hatchery  
  183  17:19  Hydralisk x2  
  181  17:23  Zergling x8  
  181  17:25  Zergling x2  
  181  17:27  Zergling x4  
  183  17:31  Zergling x2  
  183  17:36  Zergling x2  
  180  17:48  Zergling x4  
  182  17:55  Overseer  
  154  18:06  Zergling x2  
  154  18:07  Hatchery  
  148  18:14  Viper x3  
  148  18:17  Zergling x2  
  156  18:25  Zergling x2  
  148  18:27  Lurker x4  
  148  18:28  Zergling x6  
  148  18:30  Zergling x4  
  148  18:31  Hydralisk x2  
  148  18:32  Hydralisk x2  
  148  18:33  Hydralisk x2  
  160  18:39  Hydralisk  
  144  18:45  Hydralisk  
  141  18:49  Zergling x2  
  123  19:08  Zergling x2  
  123  19:09  Zergling x2  
  118  19:10  Zergling x2  
  118  19:12  Overseer  
  118  19:13  Hydralisk x2  
  118  19:16  Hydralisk  
  121  19:20  Zergling x2  
  121  19:23  Hydralisk  
  105  19:34  Zergling x2  
  105  19:37  Zergling x2  
  94  19:42  Overseer  
  88  19:48  Zergling x2  
  89  19:58  Zergling x2  
  59  20:16  Overseer x2  
  53  20:26  Zergling x2  
  52  20:37  Zergling x2  
  52  20:39  Zergling x2  
Show
View Real Time Build Order
Export as new Build Order

Ranger Protoss - Winner!

Build Orders: 1 Gate Expand 

Get SALT Encoding   

  12  0:00  Probe  
  13  0:12  Probe  
  14  0:20  Pylon  
  14  0:24  Probe  
  15  0:38  Probe (Chrono Boost)  
  15  0:41  Gateway  
  16  0:48  Assimilator, Probe (Chrono Boost)  
  17  0:53  Probe (Chrono Boost)  
  18  1:04  Probe  
  19  1:21  Probe  
  20  1:28  Cybernetics Core  
  20  1:35  Nexus  
  20  1:41  Assimilator  
  20  1:46  Pylon  
  20  1:51  Probe  
  21  2:02  Adept (Chrono Boost)  
  21  2:03  Probe  
  21  2:05  Warp Gate  
  24  2:15  Probe  
  24  2:22  Adept (Chrono Boost)  
  25  2:28  Probe  
  28  2:40  Probe  
  28  2:43  Stargate  
  29  2:45  Adept  
  31  2:51  Gateway  
  31  2:52  Probe (Chrono Boost)  
  33  3:01  Probe x2 (Chrono Boost)  
  34  3:08  Probe  
  34  3:11  Probe  
  34  3:20  Probe, Void Ray  
  34  3:23  Probe  
  40  3:30  Assimilator  
  40  3:32  Pylon, Probe  
  41  3:40  Shield Battery  
  42  3:41  Probe  
  41  3:53  Probe  
  41  3:54  Probe  
  43  3:55  Adept x2  
  43  3:56  Void Ray (Chrono Boost)  
  47  4:05  Probe  
  47  4:08  Probe  
  53  4:10  Assimilator  
  53  4:17  Probe  
  53  4:19  Robotics Facility  
  53  4:21  Pylon  
  54  4:27  Void Ray (Chrono Boost)  
  54  4:30  Probe  
  53  4:32  Probe  
  54  4:42  Probe  
  54  4:43  Zealot x2  
  54  4:44  Probe  
  60  4:47  Pylon  
  60  4:56  Pylon  
  60  4:57  Probe  
  60  4:58  Probe  
  62  5:01  Void Ray  
  66  5:09  Zealot  
  66  5:10  Zealot  
  70  5:22  Pylon  
  70  5:26  Nexus  
  70  5:36  Immortal  
  74  5:43  Stalker x2  
  78  5:55  Shield Battery  
  78  5:56  Shield Battery  
  78  6:01  Probe  
  80  6:06  Twilight Council  
  80  6:07  Forge  
  80  6:09  Adept  
  80  6:10  Gateway, Adept  
  76  6:12  Pylon  
  76  6:16  Probe  
  70  6:26  Immortal (Chrono Boost)  
  70  6:28  Probe x2 (Chrono Boost)  
  76  6:35  Protoss Ground Weapons Level 1, Sentry x2  
  76  6:39  Probe x2 (Chrono Boost)  
  83  6:41  Probe (Chrono Boost)  
  83  6:42  Shield Battery  
  85  6:47  Blink (Chrono Boost)  
  85  6:48  Probe x3 (Chrono Boost)  
  86  6:54  Probe  
  86  6:59  Observer  
  88  7:06  Probe x2  
  90  7:10  Probe  
  91  7:16  Gateway  
  91  7:18  Probe  
  91  7:21  Probe  
  91  7:22  Gateway  
  93  7:23  Assimilator  
  93  7:25  Gateway  
  93  7:26  Pylon  
  93  7:28  Gateway  
  93  7:30  Gateway  
  93  7:41  Zealot x3  
  93  7:43  Photon Cannon  
  99  7:44  Pylon  
  99  7:48  Probe x2  
  99  7:49  Robotics Bay  
  101  7:51  Assimilator  
  101  7:52  Warp Prism (Chrono Boost)  
  101  7:58  Probe  
  104  8:00  Probe  
  104  8:03  Stalker, Sentry x2  
  111  8:13  Stalker  
  97  8:21  Stalker x2  
  97  8:25  Stalker  
  97  8:26  Stalker x2  
  97  8:27  Stalker x2  
  111  8:32  Photon Cannon  
  111  8:37  Colossus (Chrono Boost)  
  111  8:39  Extended Thermal Lance (Chrono Boost)  
  117  8:46  Robotics Facility  
  117  8:48  Photon Cannon  
  117  8:54  Protoss Ground Weapons Level 2 (Chrono Boost)  
  117  8:55  Nexus  
  117  8:56  Charge (Chrono Boost)  
  117  8:58  Pylon  
  117  9:15  Pylon  
  117  9:17  Stalker, Pylon  
  117  9:18  Stalker x2  
  117  9:23  Stalker x2  
  127  9:26  Disruptor  
  127  9:29  Pylon  
  130  9:35  Zealot x2, Sentry  
  136  9:43  Zealot x2  
  136  9:44  Zealot  
  133  9:54  Disruptor (Chrono Boost)  
  133  9:58  Stalker  
  133  9:59  Stalker x3  
  123  10:01  Disruptor (Chrono Boost)  
  122  10:07  Probe x3  
  122  10:09  Sentry x3  
  122  10:11  Stalker  
  125  10:15  Probe  
  126  10:22  Stalker x3  
  111  10:50  Disruptor (Chrono Boost)  
  111  10:53  Assimilator, Stalker  
  111  10:54  Stalker x6  
  131  10:57  Disruptor (Chrono Boost)  
  131  10:58  Assimilator  
  131  10:59  Probe x3  
  131  11:02  Robotics Facility  
  134  11:06  Protoss Ground Weapons Level 3 (Chrono Boost), Probe  
  134  11:11  Probe  
  136  11:13  Photon Cannon  
  136  11:20  Zealot x6  
  136  11:24  Zealot  
  150  11:27  Stalker  
  150  11:35  Photon Cannon  
  150  11:38  Photon Cannon, Disruptor (Chrono Boost)  
  150  11:39  Disruptor (Chrono Boost)  
  156  11:44  Oracle  
  156  11:46  Stalker  
  161  11:51  Probe x3  
  161  11:52  Probe  
  161  11:53  Gateway  
  165  11:57  Disruptor (Chrono Boost)  
  165  11:59  Sentry x2  
  172  12:10  Nexus  
  172  12:13  Disruptor (Chrono Boost)  
  171  12:18  Probe  
  171  12:19  Probe x3  
  171  12:22  Zealot  
  167  12:33  Disruptor  
  170  12:38  Pylon  
  170  12:40  Pylon  
  170  12:42  Pylon  
  170  12:43  Disruptor  
  170  12:44  Pylon x2  
  171  12:46  Pylon  
  171  12:48  Pylon  
  143  13:06  Stalker x2  
  143  13:07  Stalker x6, Disruptor  
  143  13:09  Disruptor  
  143  13:11  Phoenix  
  167  13:19  Disruptor  
  170  13:32  Stalker x5  
  180  13:35  Dark Shrine  
  176  13:43  Disruptor  
  176  13:46  Disruptor  
  143  14:04  Stalker x5  
  143  14:05  Stalker x3, Colossus  
  143  14:09  Probe x3  
  168  14:19  Gateway  
  168  14:20  Gateway  
  165  14:33  Zealot x5  
  165  14:34  Zealot x2  
  173  14:46  Disruptor, Probe x2  
  173  14:47  Disruptor  
  159  14:58  Colossus  
  165  15:05  Dark Templar  
  165  15:06  Dark Templar x6  
  171  15:07  Dark Templar  
  171  15:12  Assimilator  
  173  15:16  Assimilator, Phoenix  
  173  15:18  Photon Cannon  
  175  15:23  Templar Archives  
  175  15:30  Shadow Stride  
  175  15:39  Observer  
  175  15:41  Stalker x6  
  175  15:42  Stalker  
  190  15:44  Pylon  
  190  15:47  Stalker  
  192  15:55  Disruptor  
  192  15:56  Disruptor  
  194  16:00  Stalker x3  
  165  16:25  Zealot x11  
  171  16:26  Colossus  
  171  16:32  Disruptor  
  159  16:50  Disruptor  
  159  16:51  Zealot  
  159  16:52  Zealot x8  
  159  16:54  Psionic Storm  
  180  17:05  High Templar x2  
  176  17:18  Observer  
  176  17:20  Warp Prism  
  179  17:24  Nexus  
  179  17:26  Disruptor  
  179  17:29  Stalker x7  
  188  17:30  Zealot  
  182  17:41  Dark Templar x3  
  188  17:52  Gateway  
  184  17:59  Gateway  
  149  18:06  Photon Cannon  
  149  18:10  Zealot  
  149  18:11  Zealot x7  
  149  18:12  Disruptor  
  161  18:14  High Templar x2  
  161  18:15  Photon Cannon  
  162  18:29  Zealot  
  162  18:33  Zealot x8  
  171  18:47  Zealot x2  
  173  18:50  Zealot  
  173  18:53  Dark Templar x2  
  173  18:54  Dark Templar x3  
  176  19:05  Assimilator  
  176  19:09  Assimilator  
  172  19:15  Zealot x4  
  120  19:39  Stalker x8  
  120  19:40  Stalker x5  
  138  19:50  Observer x2  
  128  20:12  Archon  
  117  20:15  Zealot x11  
  139  20:29  Disruptor (Chrono Boost)  
  139  20:31  Zealot x2  
  152  20:39  High Templar  
  152  20:40  High Templar x5, Zealot  
Tags
 
Add a new tag
Caveats
  • Supply blocks, unpowered buildings, or Contaminate may cause inaccurate times.
  • Supply counts are checked every 10 seconds.